AoeStats
← kingdalillian

Arabia

511079685Analyzed
3v3 RM · 4h ago on Oct 3, 2026· 61m 12s· 6 players
Game mode
Random Map
Map size
Normal (6 player)
Population
200
Speed
Normal
Resources
Standard
Victory
Conquest
Starting age
Dark Age
Ending age
Imperial Age
RankedLock teamsTeams togetherTeam positionsShared explorationLock speedFull tech treeHidden civsTurbo modeCheats
Victory
Defeat
🇬🇧 Huns · United Kingdom
834
+13
🇮🇹 Romans · Italy
821
+13
🇨🇳 Huns · China
719
+18
🇪🇸 Danes · Spain
770
-15
🇫🇷 Franks · France
764
-15
🇫🇷 Koreans · France
748
-14
kingdalillian
9:51 Loom
12:22 Feudal Age
12:59 Double-Bit Axe
15:29 Horse Collar
20:54 Castle Age
19:32 Gold Mining
20:59 Forging
20:50 Scale Mail Armor
23:26 Gold Shaft Mining
22:56 Squires
25:50 Pikeman
40:25 Wheelbarrow
42:56 Bow Saw
42:48 Heavy Plow
42:42 Stone Mining
42:58 Caravan
44:28 Iron Casting
45:09 Hand Cart
46:51 Chain Mail Armor
46:27 Fletching
51:40 Imperial Age
50:52 Ballistics
53:28 Plate Mail Armor
ren68210
13:25 Feudal Age
18:59 Castle Age
17:53 Gold Mining
18:00 Stone Mining
18:03 Double-Bit Axe
21:41 Wheelbarrow
23:11 Gold Shaft Mining
23:15 Husbandry
22:37 Light Cavalry
28:14 Hand Cart
30:01 Caravan
30:31 Forging
30:27 Scale Barding Armor
34:34 Imperial Age
34:23 Iron Casting
35:43 Chain Barding Armor
36:24 Blast Furnace
35:23 Cavalier
38:17 Paladin
40:10 Conscription
40:11 Chivalry
46:01 Chemistry
45:22 Ballistics
51:57 Plate Barding Armor
a12dani124081
0:29 Loom
10:29 Feudal Age
11:55 Double-Bit Axe
12:25 Loom
13:13 Horse Collar
15:07 Wheelbarrow
15:12 Wheelbarrow
15:11 Fishing Lines
21:10 Castle Age
20:42 Forging
21:08 Stone Mining
21:09 Gold Mining
22:11 Bow Saw
22:18 Heavy Plow
24:38 Gold Shaft Mining
24:39 Stone Shaft Mining
23:58 Gambesons
24:14 Squires
24:00 Arson
24:37 Caravan
24:32 Gillnets
27:41 Iron Casting
27:09 Scale Mail Armor
29:53 Hand Cart
33:44 Town Watch
34:21 Chain Mail Armor
34:06 Hamask
38:56 Imperial Age
38:03 Pikeman
42:49 Conscription
41:51 Elite Jomsviking
43:36 Blast Furnace
43:07 Plate Mail Armor
43:30 Halberdier
43:32 Elite Varangian Guard
46:17 Elite Jomsviking
57:11 Hoardings
W4IT ZeN
10:03 Feudal Age
10:37 Double-Bit Axe
10:38 Horse Collar
19:21 Castle Age
19:04 Wheelbarrow
20:41 Bow Saw
21:18 Heavy Plow
29:43 Hand Cart
29:58 Stone Mining
30:00 Gold Mining
31:54 Fortified Wall
31:51 Caravan
33:35 Gold Shaft Mining
36:12 Imperial Age
36:15 Padded Archer Armor
36:05 Fletching
36:16 Scale Mail Armor
36:26 Forging
36:21 Scale Barding Armor
35:40 Man-at-Arms
36:21 Squires
37:20 Conscription
37:07 Ballistas
36:51 Long Swordsman
38:28 Crop Rotation
38:53 Fervor
38:42 Murder Holes
39:09 Ballistics
39:57 Heavy Scorpion
41:51 Town Watch
41:53 Loom
41:32 Capped Ram
41:49 Legionary
43:01 Siege Ram
44:15 Bodkin Arrow
44:36 Leather Archer Armor
44:42 Chain Barding Armor
44:58 Iron Casting
44:38 Chain Mail Armor
45:44 Comitatenses
47:26 Ring Archer Armor
47:31 Plate Barding Armor
48:26 Chemistry
47:37 Masonry
50:22 Blast Furnace
49:57 Plate Barding Armor
50:27 Elite Centurion
50:54 Pikeman
51:28 Halberdier
55:32 Husbandry
55:43 Bloodlines
54:54 Cavalier
54:56 Light Cavalry
31545054
0:31 Loom
12:58 Feudal Age
19:40 Castle Age
18:18 Bloodlines
18:28 Forging
19:25 Scale Barding Armor
20:32 Husbandry
21:14 Iron Casting
29:50 Chain Barding Armor
37:36 Wheelbarrow
39:37 Imperial Age
39:15 Horse Collar
40:33 Cavalier
41:03 Double-Bit Axe
42:32 Blast Furnace
42:08 Plate Barding Armor
41:59 Paladin
43:51 Hand Cart
44:28 Town Watch
45:15 Elite Skirmisher
47:13 Conscription
50:23 Heavy Plow
TheBunjiMunji
3:57 Loom
12:00 Feudal Age
17:25 Castle Age
16:09 Horse Collar
16:15 Double-Bit Axe
20:33 Bow Saw
24:57 Heavy Plow
27:32 Wheelbarrow
30:05 Hand Cart
35:17 Imperial Age
33:06 Bloodlines
32:57 Husbandry
33:06 Scale Barding Armor
33:22 Forging
33:21 Caravan
33:31 Murder Holes
33:41 Town Watch
34:24 Chain Barding Armor
34:10 Marauders
35:50 Iron Casting
36:08 Masonry
35:55 Murder Holes
37:03 Plate Barding Armor
35:54 Elite Tarkan
37:00 Conscription
46:04 Fletching
47:16 Blast Furnace
46:50 Bodkin Arrow
47:53 Ballistics
54:39 Chemistry
60:59 Cavalier
Connection lost

Rejoining the realm…

Still unreachable

The connection could not be restored.

Session expired

The server has moved on; the page needs a fresh start.